 Dungeon Crawl Stone Soup version 0.30.1-9-gdf580d7c3d (webtiles) character file.

Game seed: 2046138019722615288

896 Legs the Cudgeller (level 7, -26/62 HPs)
             Began as a Minotaur Berserker on Oct 15, 2023.
             Was a Priest of Trog.
             Annihilated by an ogre
             ... wielding a +0 giant club
              (38 damage)
             ... on level 5 of the Dungeon.
             The game lasted 00:15:06 (6535 turns).

Legs the Cudgeller (Minotaur Berserker)             Turns: 6535, Time: 00:15:07

Health: -26/62     AC: 13    Str: 24    XL:     7   Next: 79%
Magic:  6/6        EV: 11    Int:  4    God:    Trog [***...]
Gold:   264        SH:  0    Dex:  9    Spells: 6/6 levels left

rFire   . . .        i - +2 quarterstaff (chaos)
rCold   + . .        (shield currently unavailable)
rNeg    . . .        k - +3 scale mail {rC+}
rPois   .            (helmet restricted)
rElec   .            p - +0 cloak
rCorr   .            t - +0 pair of gloves
SInv    .            (no boots)
Will    .....        (no amulet) Stlth
                     (no ring)
HPRegen 0.30/turn    (no ring)
MPRegen 0.10/turn

%: no passive effects
@: no status effects
A: horns 2, retaliatory headbutt
a: Renounce Religion, Berserk, Trog's Hand


You were on level 5 of the Dungeon.
You worshipped Trog.
Trog was most pleased with you.
You visited 1 branch of the dungeon, and saw 5 of its levels.

You collected 322 gold pieces.
You spent 58 gold pieces at shops.

Inventory:

Hand Weapons
 a - a +0 mace
 f - a +0 spear of venom
 i - a +2 quarterstaff of chaos (weapon)
 q - a +0 hammer
Missiles
 h - 110 stones (quivered)
Armour
 b - a +0 kite shield
 k - a +3 scale mail of cold resistance (worn)
 p - a +0 cloak (worn)
 t - a +0 pair of gloves (worn)
Scrolls
 g - a scroll of fog
 j - a scroll of immolation
 l - a scroll of torment
 m - 3 scrolls of poison
 s - 3 scrolls of identify
 u - a scroll of brand weapon {unknown}
 w - a scroll of enchant weapon {unknown}
 x - a scroll of enchant armour {unknown}
Potions
 c - 3 potions of lignification
 d - a potion of degeneration {unknown}
 e - 2 potions of flight
 n - a potion of cancellation
 o - 2 potions of brilliance {unknown}
 r - a potion of might {unknown}
 v - 2 potions of heal wounds {unknown}


   Skills:
 + Level 5.7 Fighting
 + Level 6.8(7.0) Maces & Flails
 + Level 2.3(4.9) Staves
 + Level 0.6 Throwing
 + Level 6.3 Armour
 + Level 3.9 Dodging
 + Level 1.0 Stealth


You had 6 spell levels left.
You didn't know any spells.
Your spell library was empty.

Dungeon Overview and Level Annotations

Branches:
Dungeon (5/15)
 Temple: D:4-7

Altars:

Shops:
D:1 [   D:4 ([!(   D:5 :


Innate Abilities, Weirdness & Mutations

You have a pair of horns on your head.
You reflexively headbutt those who attack you in melee.


Message History

You kill the dart slug!
Trog accepts your kill.
No target in view!
Done exploring.
Done exploring.
Done exploring.
There is a stone staircase leading down here.
You climb downwards.
You hear the sound of rushing water.
There is an entrance to a sewer on this level.
Hurry and find it before the portal rusts away!
Found a scroll labelled ENTOTO CONT and 8 gold pieces.
Found a stone staircase leading down and a stone staircase leading up.
There is a stone staircase leading up here.
Found Hudy's Book Shoppe.
You miss the quokka. You headbutt the quokka.
You kill the quokka!
Trog accepts your kill.
An ogre comes into view. It is wielding a +0 giant club.
The ogre shouts!
You see here a quokka corpse.
There is an entrance to Hudy's Book Shoppe here.
An ogre is nearby!
The ogre hits you with a +0 giant club!
You barely miss the ogre. You sock the ogre!
The ogre goes berserk!
The ogre is moderately wounded.
The ogre hits you with a +0 giant club!!
You barely miss the ogre.
The ogre is moderately wounded.
The ogre hits you with a +0 giant club!
* * * LOW HITPOINT WARNING * * *
You sock the ogre!
The ogre is poisoned.
The ogre is heavily wounded.
The ogre hits you with a +0 giant club.
* * * LOW HITPOINT WARNING * * *
You sock the ogre!
The ogre looks as sick as possible!
The ogre is heavily wounded.
The ogre hits you with a +0 giant club!!!
Ouch! That really hurt!
You die...

.. #.#....#
....##.....## .#
>......<#..#..# #
........#.#...#
.........†.......
#..##.<##....#.#.
......##......#
.##....##..##
#...∩#@#..O#
......###.O###.#
#..#.. .#.# #.#
##... #. ## #.
##.# #. ## .# #


You could see an ogre (berserk, extremely poisoned).

Vanquished Creatures
  Grinder (D:4)
  2 phantoms
  A kobold brigand (D:3)
  A scorpion (D:4)
  A hound (D:4)
  An orc priest (D:4)
  Crazy Yiuf (D:3)
  A sleepcap (D:4)
  Jessica (D:3)
  Terence (D:2)
  10 gnolls (D:3)
  3 adders
  An ufetubus (D:4)
  A worm (D:2)
  2 dart slugs
  3 orcs (D:4)
  4 ball pythons
  A bat (D:2)
  5 endoplasms
  A giant cockroach (D:2)
  5 goblins
  9 hobgoblins
  5 jackals
  47 kobolds
  6 quokkas
  3 frilled lizards
  2 rats (D:1)
119 creatures vanquished.

Notes
Turn   | Place    | Note
-------+----------+-------------------------------------------
     0 | D:1      | Legs the Minotaur Berserker began the quest for the Orb.
     0 | D:1      | Reached XP level 1. HP: 19/19 MP: 0/0
     8 | D:1      | Found a faded altar of an unknown god.
    21 | D:1      | Found Orgheuq's Armour Shoppe.
   267 | D:1      | Reached XP level 2. HP: 25/27 MP: 1/1
   783 | D:2      | Reached ** piety under Trog
   784 | D:2      | Reached XP level 3. HP: 33/33 MP: 2/2
   868 | D:2      | Noticed Terence
   884 | D:2      | Killed Terence
  1382 | D:3      | Reached XP level 4. HP: 41/41 MP: 3/3
  1457 | D:3      | Noticed Jessica
  1463 | D:3      | Killed Jessica
  1808 | D:3      | Reached skill level 5 in Maces & Flails
  1887 | D:3      | Reached XP level 5. HP: 23/47 MP: 4/4
  2113 | D:3      | Reached *** piety under Trog
  2285 | D:3      | Found a runed translucent door.
  2286 | D:3      | Noticed Crazy Yiuf
  2294 | D:3      | Killed Crazy Yiuf
  2690 | D:3      | Reached skill level 5 in Fighting
  2690 | D:3      | Reached XP level 6. HP: 49/56 MP: 5/5
  5714 | D:4      | Noticed Grinder
  5724 | D:4      | Paralysed by Grinder for 2 turns
  5731 | D:4      | Paralysed by Grinder for 3 turns
  5742 | D:4      | Paralysed by Grinder for 4 turns
  5756 | D:4      | Killed Grinder
  5757 | D:4      | Reached skill level 5 in Armour
  5757 | D:4      | Reached XP level 7. HP: 15/61 MP: 6/6
  6013 | D:4      | Found Finesk's Antique Weapon Boutique.
  6023 | D:4      | Reached skill level 1 in Staves
  6060 | D:4      | Found Raosylusu's Distillery.
  6080 | D:4      | Found Homam's Antique Weapon Shop.
  6085 | D:4      | Found Ymnapupa's Armour Boutique.
  6092 | D:4      | Reached skill level 1 in Stealth
  6107 | D:4      | Bought a +0 pair of gloves for 58 gold pieces
  6521 | D:5      | Entered Level 5 of the Dungeon
  6522 | D:5      | Found Hudy's Book Shoppe.
  6535 | D:5      | Annihilated by an ogre

Illustrated notes

Levels and vault maps discovered:
D:1:      scummos_arrival_forest, layout_rooms,
          chequers_ecumenical_altar_simple_redux, serial_shops, shop,
          hangedman_abyss_or_decor_lesser_grid, amethyst_killhole, st_stairs_6
D:2:      layout_basic, uniq_terence
D:3:      minmay_goblin_kobold_castle, layout_loops_ring,
          kennysheep_generic_room_9, uniq_jessica, uniq_crazy_yiuf_cottage
D:4:      layout_basic, serial_shops, shop, nicolae_shop_hallway_stairs, shop,
          shop, uniq_grinder
D:5:      layout_layer_cave, serial_shops, shop, portal_sewer_entry_e, uniq_ijyb

Skill      XL: |  1  2  3  4  5  6  7 |
---------------+----------------------+-----
Fighting       | 4 5 |  5.7
Maces & Flails | 4 5 6 |  6.8
Dodging        | 3 |  3.9
Armour         | 3 5 6 |  6.3
Staves         | 2 |  2.3
Stealth        | 1 |  1.0
Throwing       | |  0.6

Action                     |  1- 3 |  4- 6 |  7- 9 || total
---------------------------+-------+-------+-------++-------
  Melee: Mace              |    70 |   136 |       ||   206
         Headbutt          |    13 |    18 |     8 ||    39
         Punch             |     1 |     2 |       ||     3
         Quarterstaff      |       |    18 |    41 ||    59
  Throw: Stone             |       |     3 |       ||     3
 Invoke: Berserk           |       |     3 |       ||     3
         Trog's Hand       |       |     2 |       ||     2
    Use: Scroll            |     4 |     2 |       ||     6
         Potion            |     4 |     2 |       ||     6
 Armour: Animal skin       |    10 |       |       ||    10
         Scale mail        |     1 |    94 |    17 ||   112
  Dodge: Dodged            |    53 |   112 |    20 ||   185
